AoeStats
← Notorious Guib

Yucatan

510570220Analyzed
4v4 RM · 18h ago on Oct 1, 2026· 43m 32s· 8 players
Game mode
Random Map
Map size
Large (8 player)
Population
200
Speed
Normal
Resources
Standard
Victory
Conquest
Starting age
Dark Age
Ending age
Imperial Age
RankedLock teamsTeams togetherTeam positionsShared explorationLock speedFull tech treeHidden civsTurbo modeCheats
Victory
Defeat
🇻🇪 Jurchens · Venezuela
1031
+15
🇫🇮 Hindustanis · Finland
1017
+16
🇫🇷 Malay · France
971
+18
🇫🇷 Wei · France
971
+18
🇫🇷 Spanish · France
1083
-19
🇨🇳 Magyars · China
1001
-16
🇫🇷 Britons · France
992
-16
🇫🇷 Teutons · France
985
-16
/?
7:13 Loom
11:16 Feudal Age
15:44 Castle Age
15:22 Double-Bit Axe
21:24 Town Watch
24:43 Horse Collar
25:43 Bow Saw
27:11 Heavy Plow
27:13 Stone Mining
29:00 Wheelbarrow
28:59 Gold Mining
31:36 Gold Shaft Mining
31:15 Bloodlines
32:57 Corvinian Army
35:47 Imperial Age
32:52 Pikeman
34:37 Hand Cart
34:46 Scale Barding Armor
34:45 Devotion
35:53 Husbandry
36:34 Chain Barding Armor
36:05 Fletching
36:39 Ballistics
36:57 Conscription
38:05 Chemistry
37:45 Padded Archer Armor
37:40 Bodkin Arrow
39:10 Two-Man Saw
38:39 Parthian Tactics
38:26 Recurve Bow
38:08 Heavy Cavalry Archer
39:10 Bracer
39:31 Leather Archer Armor
40:19 Crop Rotation
43:06 Ring Archer Armor
Notorious Guib
9:40 Loom
11:25 Feudal Age
17:03 Castle Age
15:46 Double-Bit Axe
15:44 Horse Collar
18:50 Gold Mining
19:49 Wheelbarrow
28:01 Wheelbarrow
32:18 Imperial Age
30:07 Bow Saw
32:58 Hand Cart
33:06 Elite Conquistador
35:21 Light Cavalry
36:11 Bloodlines
36:57 Scale Barding Armor
37:03 Forging
38:05 Hussar
40:36 Chemistry
Noonanx
3:56 Loom
14:02 Feudal Age
18:20 Castle Age
16:14 Double-Bit Axe
16:23 Stone Mining
21:44 Pikeman
25:29 Fletching
26:21 Wheelbarrow
26:12 Gold Mining
28:38 Horse Collar
30:06 Ballistics
30:38 Bow Saw
32:37 Hand Cart
32:26 Murder Holes
32:34 Heavy Plow
33:14 Gold Shaft Mining
33:46 Yeomen
36:40 Imperial Age
33:58 Town Watch
36:55 Fortified Wall
38:22 Chemistry
36:57 Elite Longbowman
37:55 Bodkin Arrow
-Dark-Bambi-
0:27 Loom
14:21 Feudal Age
19:57 Wheelbarrow
22:35 Castle Age
21:31 Horse Collar
21:40 Double-Bit Axe
23:19 Pikeman
43:15 Imperial Age
AntKnight
12:26 Feudal Age
13:11 Wheelbarrow
17:00 Castle Age
15:15 Fishing Lines
15:46 Double-Bit Axe
17:59 Fishing Lines
18:14 Horse Collar
22:36 Stone Mining
27:19 Heavy Plow
27:33 Bow Saw
27:57 Forging
28:59 Squires
28:45 Arson
30:06 Iron Casting
30:25 Hand Cart
29:55 Town Watch
31:41 Thumb Ring
31:28 Fletching
31:39 Padded Archer Armor
32:08 Pikeman
33:04 Loom
34:09 Gold Mining
34:43 Gillnets
38:13 Imperial Age
36:11 Bodkin Arrow
38:13 Leather Archer Armor
38:00 Bracer
40:11 Forced Levy
41:14 Ring Archer Armor
42:01 Elite Karambit Warrior
44:51 Blast Furnace
Tom
7:10 Loom
11:57 Feudal Age
13:59 Double-Bit Axe
15:11 Bloodlines
17:15 Castle Age
18:10 Scale Barding Armor
17:56 Fletching
18:06 Padded Archer Armor
19:21 Wheelbarrow
18:41 Stone Mining
19:02 Bow Saw
20:10 Horse Collar
24:18 Elite Skirmisher
25:26 Bodkin Arrow
27:05 Leather Archer Armor
31:36 Gold Mining
32:22 Stone Shaft Mining
35:04 Imperial Age
33:34 Chain Barding Armor
34:27 Heavy Plow
35:04 Gold Mining
35:54 Stone Shaft Mining
36:22 Crop Rotation
36:18 Conscription
36:37 Ballistics
36:32 Elite Tiger Cavalry
37:40 Forging
39:51 Husbandry
40:06 Bloodlines
40:25 Thumb Ring
42:10 Iron Casting
42:47 Ming Guang Armor
44:22 Gold Shaft Mining
Mozart
11:24 Feudal Age
11:07 Loom
15:43 Castle Age
15:42 Double-Bit Axe
15:39 Horse Collar
17:38 Bow Saw
22:00 Heavy Plow
24:33 Gold Mining
24:34 Stone Mining
26:07 Wheelbarrow
26:36 Gold Shaft Mining
26:36 Stone Shaft Mining
29:56 Imperial Age
27:50 Hand Cart
28:14 Bloodlines
28:04 Husbandry
28:42 Masonry
29:48 Forging
29:45 Scale Barding Armor
30:16 Heavy Camel Rider
33:11 Chemistry
32:36 Chain Barding Armor
32:52 Iron Casting
32:12 Imperial Camel Rider
34:07 Town Watch
36:22 Plate Barding Armor
36:48 Blast Furnace
36:12 Ballistics
35:58 Siege Engineers
36:26 Padded Archer Armor
36:17 Fletching
37:36 Two-Man Saw
38:45 Conscription
38:26 Shatagni
38:28 Grand Trunk Road
38:20 Onager
40:24 Leather Archer Armor
41:39 Ring Archer Armor
41:04 Bodkin Arrow
Mojojoto
8:33 Loom
10:28 Feudal Age
11:47 Double-Bit Axe
11:45 Horse Collar
13:51 Bloodlines
15:56 Wheelbarrow
19:26 Castle Age
17:58 Scale Barding Armor
19:47 Forging
20:12 Husbandry
20:39 Bow Saw
22:22 Chain Barding Armor
24:57 Light Cavalry
26:50 Hand Cart
29:02 Heavy Plow
29:48 Iron Casting
35:18 Imperial Age
33:23 Gold Mining
36:20 Siege Engineers
37:12 Plate Barding Armor
37:13 Elite Steppe Lancer
38:47 Elite Iron Pagoda
39:52 Fletching
41:46 Blast Furnace
41:14 Masonry
Connection lost

Rejoining the realm…

Still unreachable

The connection could not be restored.

Session expired

The server has moved on; the page needs a fresh start.